 Dungeon Crawl Stone Soup version 0.27.1-1-g398f81649c (webtiles) character file.

Game seed: 13808989664312535821

170 speeev33 the Skirmisher (level 5, -1/47 HPs)
             Began as a Hill Orc Fighter on Sept 16, 2021.
             Killed from afar by an orc wizard (8 damage)
             ... with a puff of flame
             ... on level 3 of the Dungeon.
             The game lasted 00:04:29 (3154 turns).

speeev33 the Skirmisher (Hill Orc Fighter)          Turns: 3154, Time: 00:04:31

Health: -1/47      AC: 10    Str: 20    XL:     5   Next: 51%
Magic:  5/5        EV:  5    Int:  8    God:
Gold:   88         SH:  9    Dex: 10    Spells: 4/4 levels left

rFire    . . .     SeeInvis .   a - +0 war axe
rCold    . . .     Faith    .   c - +0 kite shield
rNeg     . . .     Spirit   .   i - +0 chain mail
rPois    .         Reflect  .   (no helmet)
rElec    .         Harm     .   (no cloak)
rCorr    .         Rampage  .   (no gloves)
Will     .....                  g - +0 pair of boots
Stlth    ..........             (no amulet)
HPRegen  0.15/turn              (no ring)
MPRegen  0.09/turn              (no ring)

@: mighty
A: no striking features
a: Convert to Beogh


You were on level 3 of the Dungeon.
You visited 1 branch of the dungeon, and saw 3 of its levels.

You collected 88 gold pieces.

Inventory:

Hand Weapons
 a - a +0 war axe (weapon)
Armour
 c - a +0 kite shield (worn)
 g - a +0 pair of boots (worn)
 i - a +0 chain mail (worn)
Potions
 e - 2 potions of curing
 f - a potion of degeneration {unknown}
 h - 2 potions of mutation {unknown}


   Skills:
 + Level 4.7 Fighting
 + Level 4.3 Axes
 + Level 4.3 Armour
 + Level 4.3 Shields


You had 4 spell levels left.
You didn't know any spells.
Your spell library contained the following spells:

 Spells                   Type           Power      Damage    Failure   Level
 Passwall                 Tmut/Erth      0%         N/A       100%        2
 Swiftness                Air            0%         N/A       100%        3
 Invisibility             Hex            0%         N/A       100%        6


Dungeon Overview and Level Annotations

Branches:
Dungeon (3/15)

Altars:
Zin

Annotations:
D:1 need fly


Message History

You block the orc priest's attack.
The orc priest hits you but does no damage.
The orc priest shouts, "Beogh is our master!
Accept the truth or die!"
You slice the orc priest!!
You kill the orc priest!
The gnoll hits you but does no damage.
The orc wizard gestures at you while chanting.
The magic dart hits you but does no damage.
The orc priest shouts!
The gnoll hits you but does no damage. The orc wizard barely misses you.
Items here: ( )) [ ††.
You closely miss the orc wizard.
Your shield prevents you from hitting the gnoll.
You block the gnoll's attack.
The orc wizard hits you with a +0 dagger.
* * * LOW HITPOINT WARNING * * *
The orc wizard hits you but does no damage.
The gnoll hits you but does no damage.
You slash the endoplasm!
You kill the endoplasm!
You slash the gnoll!
You hit the orc wizard but do no damage.
The gnoll hits you but does no damage. You block the orc wizard's attack.
A quokka comes into view.
You block the gnoll's attack.
The orc wizard hits you but does no damage.
The orc priest hits you but does no damage.
You closely miss the orc priest. You hit the orc wizard.
An orc comes into view. It is wielding a +0 club.
The gnoll hits you but does no damage.
The orc wizard hits you but does no damage.
You block the orc priest's attack. You block the gnoll's attack.
The orc wizard hits you but does no damage.
You closely miss the orc priest. You closely miss the orc wizard.
The orc shouts!
The orc priest hits you but does no damage.
The gnoll barely misses you.
The orc wizard points at you and mumbles some strange words.
The puff of flame hits you!
You die...

$$$# .#.# $$$## ...###
#$### #....
...........r. ###.#
#.........#.......#
._..#
#....##.##.....#...
....###.#..##.# ...#....
#'####......#.##..#....#
............#...#...#
#.............#o@og#
......####..#.o.#)#.#
..............#.#†##
..............#.##.#
#..###...#.#..#.##.##
...........#†.#.###.#
#..###.#####..#.# ###
#.###... ...... .....>..
......


You could see an orc priest, an orc wizard, a gnoll and an orc.

Vanquished Creatures
  An orc priest (D:3)
  Jessica (D:2)
  3 gnolls (D:2)
  2 adders
  A worm (D:2)
  An orc (D:3)
  8 endoplasms
  3 giant cockroaches (D:1)
  6 goblins
  7 hobgoblins
  4 jackals (D:1)
  3 kobolds
  2 quokkas
  2 ball pythons
  6 bats
  7 frilled lizards
  4 rats
61 creatures vanquished.

Notes
Turn   | Place    | Note
-------+----------+-------------------------------------------
     0 | D:1      | speeev33 the Hill Orc Fighter began the quest for the Orb.
     0 | D:1      | Reached XP level 1. HP: 19/19 MP: 1/1
   273 | D:1      | Reached XP level 2. HP: 14/27 MP: 2/2
   548 | D:1      | Found a faded altar of an unknown god.
   675 | D:1      | Reached XP level 3. HP: 31/33 MP: 3/3
  1598 | D:2      | Noticed Jessica
  1609 | D:2      | Killed Jessica
  1610 | D:2      | Reached XP level 4. HP: 29/41 MP: 4/4
  2172 | D:2      | Reached XP level 5. HP: 47/47 MP: 5/5
  3064 | D:3      | Found a glowing silver altar of Zin.
  3154 | D:3      | Killed from afar by an orc wizard

Illustrated notes

Levels and vault maps discovered:
D:1:      minmay_arrival_floating_metal, layout_basic,
          ebering_ecumenical_altar_ruins
D:2:      layout_basic, uniq_jessica
D:3:      layout_basic, zin_treasury, minmay_increasing_density

Skill      XL: |  1  2  3  4 |
---------------+-------------+-----
Axes           | 3 4 |  4.3
Fighting       | 4 |  4.7
Armour         | 4 |  4.3
Shields        | 4 |  4.3

Action                   |  1- 3 |  4- 6 || total
-------------------------+-------+-------++-------
Melee: War axe           |   133 |   100 ||   233
  Use: Scroll            |       |     5 ||     5
       Potion            |       |     1 ||     1
Armor: Scale mail        |    80 |    17 ||    97
       Chain mail        |       |    30 ||    30
Dodge: Dodged            |    43 |    36 ||    79
Block: Kite shield       |    72 |    61 ||   133
